 Dungeon Crawl Stone Soup version 0.31.0-32-g396128a36d (webtiles) character file.

Game seed: 12797300773463566690

2102 TacoSundae the Skirmisher (level 9, -1/69 HPs)
             Began as a Barachi Hunter on Apr 14, 2024.
             Was a Follower of Nemelex Xobeh.
             Killed from afar by Erica (6 damage)
             ... with a bolt of poison
             ... on level 8 of the Dungeon.
             The game lasted 00:14:20 (5980 turns).

TacoSundae the Skirmisher (Barachi Hunter)          Turns: 5980, Time: 00:14:22

Health: -1/69      AC:  7    Str: 16 (19) XL:     9   Next: 28%
Magic:  9/9        EV: 12    Int:  7 (10) God:    Nemelex Xobeh [*.....]
Gold:   540        SH:  0    Dex: 16 (19) Spells: 8/8 levels left

rFire   + . .        b - +1 shortbow (flame)
rCold   + . .        (shield currently unavailable)
rNeg    . . .        c - +0 leather armour
rPois   +            d - +0 helmet
rElec   +            g - +1 cloak
rCorr   +            j - +0 pair of gloves
SInv    .            (no boots)
Will    .....        r - amulet of the acrobat
Stlth   ++           F - +6 ring of strength
HPRegen 0.31/turn    (no ring)
MPRegen 0.11/turn

%: acrobat
@: brilliant, lethally poisoned (-1 -> -19), resistant, unable to hop, hasted,
constricted, quick
A: amphibious, slowness 1, strong legs 1, +LOS
a: Hop, Renounce Religion, Draw Escape, Draw Destruction, Draw Summoning


You were on level 8 of the Dungeon.
You worshipped Nemelex Xobeh.
Nemelex Xobeh was aware of your devotion.
You visited 2 branches of the dungeon, and saw 9 of its levels.

You collected 540 gold pieces.

Inventory:

Hand Weapons
 a - a +1 shortbow
 b - a +1 shortbow of flaming (weapon)
 o - the +4 dagger "Fagruomma" {elec, Will+ Str+2}
   (You took it off a gnoll on level 5 of the Dungeon)

   Str+2:     It affects your strength (+2).
   Will+:     It increases your willpower.
Missiles
 k - 21 poisoned darts
 E - a curare-tipped dart
 G - a throwing net
Armour
 c - a +0 leather armour (worn)
 d - a +0 helmet (worn)
 g - a +1 cloak (worn)
 j - a +0 pair of gloves (worn)
Jewellery
 r - an amulet of the acrobat (around neck)
 v - a ring of magical power
 y - a ring of wizardry
 F - a +6 ring of strength (left hand)
Wands
 i - a wand of charming (4)
 A - a wand of roots (7)
Scrolls
 f - 2 scrolls of amnesia
 l - a scroll of revelation
 m - a scroll of noise
 p - a scroll of butterflies
 q - a scroll of enchant armour
 B - 2 scrolls of summoning
 C - a scroll of teleportation
 D - a scroll of vulnerability
Potions
 e - 2 potions of might
 h - a potion of magic
 n - 2 potions of heal wounds
 s - a potion of lignification
 u - 2 potions of enlightenment
 z - 2 potions of curing


   Skills:
 + Level 6.0 Fighting
 * Level 9.4 Ranged Weapons
 + Level 6.8 Dodging
 - Level 3.5 Stealth
 + Level 0.8 Invocations


You had 8 spell levels left.
You didn't know any spells.
Your spell library contained the following spells:

 Spells                   Type           Power      Damage    Failure   Level
 Foxfire                  Conj/Fire      0%         2x1d4     50%         1
 Sandblast                Erth           0%         2d4       50%         1
 Fugue of the Fallen      Necr           0%         N/A       86%         3
 Ozocubu's Armour         Ice            0%         N/A       86%         3
 Passwall                 Erth           0%         N/A       86%         3
 Stone Arrow              Conj/Erth      0%         3d7       86%         3
 Brom's Barrelling Bould  Conj/Erth      0%         2d3       99%         4
 Manifold Assault         Tloc           0%         N/A       99%         4
 Fireball                 Conj/Fire      0%         3d3       100%        5
 Iskenderun's Battlesphe  Conj           0%         2d6       100%        5
 Conjure Ball Lightning   Conj/Air       0%         3x3d6     100%        6
 Plasma Beam              Fire/Air       0%         2x1d10    100%        6
 Starburst                Conj/Fire      0%         6d3       100%        6
 Orb of Destruction       Conj           0%         9d5       100%        7


Dungeon Overview and Level Annotations

Branches:
Dungeon (8/15)             Temple (1/1) D:5
   Lair: D:8-11

Altars:
Cheibriados
Dithmenos
Elyvilon
Gozag
Hepliaklqana
Kikubaaqudgha
Makhleb
Nemelex Xobeh
Okawaru
Qazlal
Ru
Sif Muna
Trog
Uskayaw
Vehumet
Wu Jian
Xom
Yredelemnul
Zin
The Shining One

Annotations:
D:8 Erica


Innate Abilities, Weirdness & Mutations

You are amphibious.
You cover ground slowly.
You can hop short distances.
You have an extended range of vision and can be seen from far away.


Message History

Erica hits you with a +3 scimitar of flaming!
Erica constricts you.
Unknown command.
It was a potion of brilliance.
You feel clever all of a sudden.
You feel sick.
It was a potion of curing.
You feel better.
Erica mumbles some strange words.
Erica flickers and vanishes!
Deactivating autopickup; reactivate with Ctrl-A.
You are constricted.
You escape Erica's grasp.
Aiming: Fastroot
Press: ? - help, Shift-Dir - straight line The roots erupt in riotous growth!
Roots grab something.
The grasping roots constrict something.
It was a potion of degeneration.
There was something very wrong with that liquid.
You feel weakened.
You feel dopey.
You feel clumsy. Something hits you. Something burns you. Something grabs you.
You are constricted.
* * * LOW HITPOINT WARNING * * *
Fire: b) +1 shortbow (flame)
Press: ? - help, Q - select action, (/) - cycle Shift-Dir - straight line, f - you You shoot an arrow.
You shoot an arrow. Something hits you!
* * * LOW HITPOINT WARNING * * *
Something burns you.
* * * LOW HITPOINT WARNING * * *
You are constricted.
* * * LOW HITPOINT WARNING * * *
You shoot an arrow.
You hear some strange, mumbled words.
A bolt of poison appears from out of thin air!
The bolt of poison hits you.
You are lethally poisoned!
You resist.
You die...
Your body disappears without a glow.

#..# #....#
#..###..#.###
#...........#
#.#####.#.#.######
#.# #.#........# #
#.#
#.###.####.##.####
#.#
#.........)......#
..#
######.##..##.##.#
### #.##.@#
#.##.{# #.##..#
#.##..#
...........$#
####....$......#
#############


There were no monsters in sight!

Vanquished Creatures
  A water moccasin (D:6)
  A black bear (D:7)
  A sky beast (D:7)
  A centaur (D:5)
  3 phantoms
  Blork the orc (D:6)
  2 bullfrogs
  A kobold brigand (D:7)
  3 scorpions
  5 killer bees (D:7)
  2 howler monkeys
  A bombardier beetle (D:5)
  5 hounds
  2 gnoll boudas
  2 jellies
  An orc priest (D:7)
  3 iguanas
  A sleepcap (D:6)
  An orc wizard (D:7)
  7 adders
  13 gnolls
  A shadow imp (D:7)
  A white imp (D:5)
  6 ufetubi
  A ribbon worm (D:2)
  10 orcs
  7 bats
  3 endoplasms
  3 giant cockroaches
  8 goblins
  5 hobgoblins
  4 jackals (D:4)
  2 quokkas
  7 ball pythons
  5 frilled lizards
  10 kobolds
  6 rats
136 creatures vanquished.

Vanquished Creatures (collateral kills)
  A quokka (D:5)
1 creature vanquished.

Grand Total: 137 creatures vanquished

Notes
Turn   | Place    | Note
-------+----------+-------------------------------------------
     0 | D:1      | TacoSundae the Barachi Hunter began the quest for the Orb.
     0 | D:1      | Reached XP level 1. HP: 17/17 MP: 1/1
    43 | D:1      | Found a faded altar of an unknown god.
    50 | D:1      | Reached skill level 1 in Stealth
    87 | D:1      | Reached XP level 2. HP: 23/23 MP: 2/2
   487 | D:2      | Reached XP level 3. HP: 25/28 MP: 3/3
   950 | D:2      | Reached XP level 4. HP: 34/34 MP: 4/4
  1550 | D:3      | Noticed a scorpion
  1564 | D:3      | Killed a scorpion
  1565 | D:3      | Reached skill level 5 in Ranged Weapons
  1565 | D:3      | Reached XP level 5. HP: 39/39 MP: 5/5
  2063 | D:4      | Reached XP level 6. HP: 46/46 MP: 6/6
  2095 | D:4      | Reached skill level 6 in Ranged Weapons
  2213 | D:4      | Reached XP level 7. HP: 51/51 MP: 7/7
  2418 | D:4      | Found an ancient bone altar of Kikubaaqudgha.
  2467 | D:5      | Entered Level 5 of the Dungeon
  2595 | D:5      | Found a staircase to the Ecumenical Temple.
  2631 | Temple   | Entered the Ecumenical Temple
  2635 | Temple   | Became a worshipper of Nemelex Xobeh the Trickster
  2767 | D:5      | Identified the +4 dagger "Fagruomma" {elec, Will+ Str+2}
  3000 | D:5      | Reached skill level 7 in Ranged Weapons
  3500 | D:6      | Noticed Blork the orc
  3509 | D:6      | Killed Blork the orc
  3510 | D:6      | Reached skill level 5 in Dodging
  3623 | D:6      | Reached XP level 8. HP: 60/60 MP: 8/8
  3921 | D:6      | Reached skill level 8 in Ranged Weapons
  4087 | D:6      | Reached * piety under Nemelex Xobeh
  4159 | D:6      | Found a radiant altar of Vehumet.
  4165 | D:6      | Found a basalt altar of Yredelemnul.
  4485 | D:7      | Reached skill level 5 in Fighting
  4740 | D:7      | Reached skill level 9 in Ranged Weapons
  4740 | D:7      | Reached XP level 9. HP: 68/68 MP: 9/9
  5026 | D:7      | Received a gift from Nemelex Xobeh
  5962 | D:8      | Noticed Erica
  5980 | D:8      | Killed from afar by Erica

Illustrated notes

Levels and vault maps discovered:
D:1:      dpeg_arrival_rhombus, layout_rooms, hellmonk_ecumenical_altar_zigzags
D:2:      layout_basic
D:3:      layout_rooms
D:4:      layout_basic, general_overflow_altar, minmay_goblin_kobold_house
D:5:      layout_basic, minmay_temple_entry_sparse_star, cheibrodos_gnoll_hut
D:6:      layout_loops_ring, jmf_multi_god_temple, minmay_misc_feat_rows,
          kennysheep_path_1, uniq_blork_the_orc
D:7:      layout_basic, kennysheep_generic_room_12
D:8:      layout_loops_ring, fedhas_altar_3, uniq_maggie, uniq_erica
Temple:   sentei_temple_godly_chess

Skill      XL: |  1  2  3  4  5  6  7  8  9 |
---------------+----------------------------+-----
Stealth        | 1 2 3 |  3.5
Dodging        | 3 4 5 6 |  6.8
Ranged Weapons | 5 6 7 9 |  9.4
Fighting       | 3 5 6 |  6.0
Invocations    | |  0.8

Action                     |  1- 3 |  4- 6 |  7- 9 || total
---------------------------+-------+-------+-------++-------
   Fire: Shortbow          |   123 |   115 |   331 ||   569
Ability: Hop               |       |     1 |     1 ||     2
  Evoke: Wand              |       |       |     1 ||     1
    Use: Scroll            |       |       |    17 ||    17
         Potion            |       |       |     5 ||     5
 Armour: Leather armour    |    34 |    35 |   137 ||   206
  Dodge: Dodged            |    33 |    55 |   163 ||   251
